 Seeded DCSS version 0.26.1-2-gb8aa6d0cf2 (webtiles) character file.

Game seed: 13580442721858370627 (custom seed)

1043 jmmainvi the Covert (level 8, 0/36 HPs)
             Began as a Spriggan Enchanter on Feb 14, 2021.
             Shot with an arrow by a centaur (12 damage)
             ... on level 7 of the Dungeon.
             The game lasted 00:18:28 (9120 turns).

jmmainvi the Covert (Spriggan Enchanter)            Turns: 9120, Time: 00:18:29

Health: 0/36       AC:  4    Str:  5    XL:     8   Next: 4%
Magic:  5/13       EV: 18    Int: 17    God:
Gold:   169        SH:  0    Dex: 17    Spells: 9/12 levels left

rFire    + . .     SeeInvis +   a - +1 dagger
rCold    + . .     Faith    .   (shield restricted)
rNeg     . . .     Spirit   .   b - +0 robe
rPois    .         Reflect  .   (helmet restricted)
rElec    .         Harm     .   g - +1 cloak
rCorr    .         Rampage  .   (gloves unavailable)
Will     +....                  (boots unavailable)
Stlth    +++++.....             m - amulet of the acrobat
HPRegen  0.12/turn              j - ring of protection from fire
MPRegen  0.13/turn              q - ring of protection from cold

@: very quick
A: very small, unfitting armour, see invisible, speed 3
a: no special abilities


You were on level 7 of the Dungeon.
You visited 1 branch of the dungeon, and saw 8 of its levels.

You collected 169 gold pieces.

Inventory:

Hand Weapons
 a - a +1 dagger (weapon)
Missiles
 e - 84 sling bullets
 h - 6 datura-tipped darts
Armour
 b - a +0 robe (worn)
 g - a +1 cloak (worn)
 u - a scarf of shadows
Jewellery
 j - a ring of protection from fire (left hand)
 m - an amulet of the acrobat (around neck)
 q - a ring of protection from cold (right hand)
 s - an uncursed ring of resist corrosion
Wands
 y - a wand of iceblast (9)
Scrolls
 d - 6 scrolls of identify {unknown}
 f - a scroll of blinking {unknown}
 i - 2 scrolls of teleportation {unknown}
 l - a scroll of enchant armour {unknown}
 n - 2 scrolls of amnesia {unknown}
 p - a scroll of noise {unknown}
 r - a scroll of magic mapping {unknown}
 t - 2 scrolls of random uselessness {unknown}
 w - a scroll of torment {unknown}
 x - a scroll of vulnerability {unknown}
Potions
 c - a potion of might {unknown}
 k - a potion of degeneration {unknown}
 o - a potion of curing {unknown}
 v - 2 potions of brilliance {unknown}


   Skills:
 - Level 1.1 Short Blades
 - Level 3.0 Dodging
 * Level 10.7 Stealth
 - Level 2.6 Spellcasting
 + Level 6.7 Hexes
 - Level 4.0 Ice Magic


You had 9 spell levels left.
You knew the following spells:

 Your Spells              Type           Power        Failure   Level
a - Corona                Hex            27%          1%          1
b - Ensorcelled Hibernat  Hex/Ice        40%          3%          2

Your spell library contained the following spells:

 Spells                   Type           Power        Failure   Level
 Confusing Touch          Hex            25%          3%          3
 Tukima's Dance           Hex            25%          3%          3
 Dazzling Flash           Conj/Hex       26%          14%         3
 Poisonous Vapours        Pois/Air       4%           26%         2
 Conjure Flame            Conj/Fire      2%           47%         3
 Mephitic Cloud           Conj/Pois/Air  2%           47%         3
 Freezing Cloud           Conj/Ice/Air   3%           100%        6


Dungeon Overview and Level Annotations

Branches:
Dungeon (8/15)               Lair (0/6) D:8
 Temple: D:4-7

Altars:
Nemelex Xobeh
Trog
Wu Jian

Annotations:
D:3 ew1980's ghost, amateur MiFi
D:4 Dowan; Duvessa


Innate Abilities, Weirdness & Mutations

You are very small and have problems with some larger weapons.
You are too small for most types of armour.
You have supernaturally acute eyesight. (SInv)
You cover ground extremely quickly.


Message History

Press: ? - help, Shift-Dir - straight line, f - jackal
Aim: a jackal (chance to affect: 67%)
The jackal struggles to resist.
The jackal completely misses you. The jackal barely misses you.
A jackal is nearby!
You see here a jackal corpse.
You start resting.
The centaur wields a +0 shortbow.
The centaur shoots an arrow.
The arrow hits you!
You see here a jackal corpse.
You start resting.
A centaur is nearby!
Casting: Ensorcelled Hibernation (safe; 3% risk of failure)
Confirm with . or Enter, or press ? or * to list all spells.
Aiming: Ensorcelled Hibernation (safe; 3% risk of failure)
Press: ? - help, Shift-Dir - straight line, f - centaur
Aim: a centaur, wielding a +0 shortbow and quivering 21 arrows (chance to affect: 50%)
The centaur resists with some effort.
The centaur shoots an arrow.
The arrow hits you!
You die...

..####.####..........#
.##..#†#..##..##.#####
.##.......##.c.#.#
..##.._..##...##.#
#..##...##..#.##.#
##..##.##...#.##.#
#...###....#.##.#
#.#......#.#(##.#######
##.#......#.#†##@.......
....##...##.#.##.#######
....##....#.#..c........
....# .#..#.####.####.##
....# #†..........#
....###.#...####..#
##.#..........##..#
##......#...#.##..#
####.####.#...##..#


You could see a centaur.

Vanquished Creatures
  An orc warrior (D:7)
  An ogre (D:6)
  2 bullfrogs
  A gnoll sergeant (D:7)
  2 howler monkeys
  An orc priest (D:8)
  3 hounds
  A gnoll shaman (D:4)
  3 orc wizards
  2 worker ants
  An iguana (D:4)
  5 adders
  10 gnolls
  A howler monkey skeleton (D:6)
  A shadow imp (D:7)
  2 white imps (D:7)
  An ufetubus (D:7)
  3 oozes
  2 dart slugs
  4 leopard geckos
  15 orcs
  4 bats
  3 giant cockroaches (D:1)
  5 goblins
  5 hobgoblins
  11 jackals
  2 quokkas
  A ball python skeleton (D:4)
  5 frilled lizards
  5 kobolds
  A leopard gecko skeleton (D:4)
  4 rats
108 creatures vanquished.

Vanquished Creatures (others)
  6 plants (D:3)
6 creatures vanquished.

Grand Total: 114 creatures vanquished

Notes
Turn   | Place    | Note
-------+----------+-------------------------------------------
     0 | D:1      | jmmainvi the Spriggan Enchanter began the quest for the
                  | Orb.
     0 | D:1      | Reached XP level 1. HP: 9/9 MP: 5/5
   130 | D:1      | Reached skill level 5 in Stealth
   130 | D:1      | Reached XP level 2. HP: 13/13 MP: 4/6
   133 | D:1      | Learned a level 2 spell: Ensorcelled Hibernation
  1351 | D:1      | Reached XP level 3. HP: 16/16 MP: 5/8
  1530 | D:1      | Reached skill level 1 in Ice Magic
  1742 | D:1      | Found a sparkling altar of Nemelex Xobeh.
  2138 | D:2      | Noticed an orc warrior
  3250 | D:2      | Reached XP level 4. HP: 12/21 MP: 6/9
  4198 | D:3      | Found a bloodstained altar of Trog.
  4265 | D:3      | Noticed a gnoll sergeant
  4272 | D:4      | Noticed a phantom
  4285 | D:4      | Reached skill level 6 in Stealth
  4491 | D:4      | Noticed Duvessa
  4495 | D:4      | Noticed Dowan
  4679 | D:3      | Noticed ew1980's ghost (amateur MiFi)
  4878 | D:4      | Reached XP level 5. HP: 24/24 MP: 10/10
  4928 | D:4      | Reached skill level 5 in Hexes
  5183 | D:4      | Reached skill level 7 in Stealth
  6387 | D:5      | Entered Level 5 of the Dungeon
  6405 | D:5      | Reached XP level 6. HP: 9/28 MP: 4/11
  6681 | D:6      | Reached skill level 8 in Stealth
  7023 | D:6      | Found an ornate altar of the Wu Jian Council.
  7050 | D:6      | Reached XP level 7. HP: 32/32 MP: 5/12
  7129 | D:7      | Reached skill level 9 in Stealth
  7390 | D:8      | Found a staircase to the Lair.
  8200 | D:7      | Reached skill level 10 in Stealth
  8510 | D:7      | Reached XP level 8. HP: 36/36 MP: 7/13
  8988 | D:7      | Found a sparkling altar of Nemelex Xobeh.
  9120 | D:7      | Shot with an arrow by a centaur

Illustrated notes

Levels and vault maps discovered:
D:1:      minmay_arrival_four_loops, layout_loops_corners,
          nemelex_diamond_rough_becter
D:2:      layout_basic, minmay_crystal_room
D:3:      minmay_razor_zed, layout_basic, gammafunk_ghost_gnarly_gnolls,
          chequers_ecumenical_altar_twisty, trog_three_pillars_becter
D:4:      cheibrodos_quashed, layout_basic, moated_statue, uniq_duvessa
D:5:      lemuel_ratsnest, layout_loops_cross, led_xom_imps
D:6:      layout_gridville, temple_doors_cd, basic_altar, nrook_campfire
D:7:      layout_basic, kennysheep_doodads, minivault_1,
          nemelex_lonely_heart_becter, uniq_harold
D:8:      kennysheep_windowed_halls, layout_gridville, grunt_gozag_breadcrumbs,
          lemuel_crystal_altar, lair_entry_dummy

Skill      XL: |  1  2  3  4  5  6  7 |
---------------+----------------------+-----
Stealth        | 5 6 7 8 10 | 10.7
Hexes          | 4 5 6 |  6.7
Ice Magic      | 1 2 3 4 |  4.0
Short Blades   | |  1.1
Dodging        | |  3.0
Spellcasting   | |  2.6

Action                   |  1- 3 |  4- 6 |  7- 9 || total
-------------------------+-------+-------+-------++-------
Melee: Dagger            |   112 |    61 |   103 ||   276
Throw: Dart              |       |     2 |       ||     2
 Cast: Corona            |     3 |       |       ||     3
       Ensorcelled Hiber |    40 |    58 |    42 ||   140
 Stab: Sleeping          |    29 |    38 |    28 ||    95
       Distracted        |       |     1 |       ||     1
Armor: Robe              |    13 |     6 |    17 ||    36
Dodge: Dodged            |    82 |    46 |    91 ||   219
